 Dungeon Crawl Stone Soup version 0.31.0-32-g396128a36d (webtiles) character file.

Game seed: 2112770266287642680

6164 PaiMei the Purveyor of Pain (level 10, -3/79 HPs)
             Began as a Demonspawn Necromancer on Apr 25, 2024.
             Was an Initiate of Kikubaaqudgha.
             Slain by a yak (15 damage)
             ... on level 9 of the Dungeon.
             The game lasted 00:29:51 (19105 turns).

PaiMei the Purveyor of Pain (DsNe)                 Turns: 19105, Time: 00:29:51

Health: -3/79      AC:  7    Str:  9    XL:     10   Next: 60%
Magic:  17/21      EV: 21    Int: 20    God:    Kikubaaqudgha [......]
Gold:   608        SH:  0    Dex: 19    Spells: 11/24 levels left

rFire   . . .        s - +1 flail (drain)
rCold   . . .        (no shield)
rNeg    . . .        z - +0 troll leather armour
rPois   .            (no helmet)
rElec   .            E - +0 cloak
rCorr   .            i - +0 pair of gloves
SInv    .            (no boots)
Will    .....        (no amulet)
Stlth   +++          B - +6 ring of dexterity
HPRegen 1.13/turn    (no ring)
MPRegen 0.17/turn

%: no passive effects
@: agile
A: hooves 1, icy blue scales 1, demonic guardian 2, powered by pain 1
a: Renounce Religion


You were on level 9 of the Dungeon.
You worshipped Kikubaaqudgha.
Kikubaaqudgha was noncommittal.
You visited 2 branches of the dungeon, and saw 10 of its levels.

You collected 644 gold pieces.
You spent 36 gold pieces at shops.

Inventory:

Hand Weapons
 s - a +1 flail of draining (weapon)
 y - a +2 battleaxe of freezing
 N - a +4 halberd of freezing
 P - a +3 spear of venom
Missiles
 n - 25 poisoned darts (quivered)
 F - 3 throwing nets
Armour
 a - a +0 kite shield
 i - a +0 pair of gloves (worn)
 z - a +0 troll leather armour (worn)
 C - a +0 tower shield
 E - a +0 cloak (worn)
 O - +0 acid dragon scales
Magical Staves
 I - a staff of death
Jewellery
 B - a +6 ring of dexterity (left hand)
Wands
 v - a wand of flame (27)
 D - a wand of quicksilver (14)
 G - a wand of iceblast (8)
Scrolls
 c - 3 scrolls of enchant weapon {unknown}
 d - 2 scrolls of amnesia {unknown}
 e - 2 scrolls of fear {unknown}
 f - 3 scrolls of poison {unknown}
 g - 3 scrolls of fog
 h - 2 scrolls of blinking {unknown}
 j - 4 scrolls of identify {unknown}
 l - 3 scrolls of teleportation
 q - a scroll of noise {unknown}
 t - a scroll of acquirement {unknown}
 u - 4 scrolls of immolation {unknown}
 w - 3 scrolls of revelation {unknown}
 K - 2 scrolls of vulnerability {unknown}
 L - a scroll of enchant armour {unknown}
Potions
 b - a potion of magic
 k - a potion of heal wounds {unknown}
 m - a potion of berserk rage {unknown}
 o - 2 potions of brilliance {unknown}
 p - a potion of lignification
 r - a potion of attraction {unknown}
 x - 2 potions of curing
 A - a potion of might {unknown}
 H - a potion of degeneration {unknown}
 J - a potion of invisibility {unknown}
 M - a potion of resistance {unknown}


   Skills:
 + Level 7.0 Fighting
 + Level 7.6 Dodging
 - Level 4.1 Stealth
 + Level 7.6 Spellcasting
 + Level 9.9 Necromancy


You had 11 spell levels left.
You knew the following spells:

 Your Spells              Type           Power      Damage    Failure   Level
a - Necrotise             Necr           100%       1d9       1%          1
b - Vampiric Draining     Necr           47%        2d9       1%          3
c - Animate Dead          Necr           47%        N/A       1%          4
d - Curse of Agony        Necr           47%        N/A       6%          5

Your spell library contained the following spells:

 Spells                   Type           Power      Damage    Failure   Level
 Fugue of the Fallen      Necr           47%        N/A       1%          3
 Apportation              Tloc           14%        N/A       12%         1
 Sting                    Conj/Alch      28%        1d4       12%         1
 Summon Small Mammal      Summ           28%        N/A       12%         1
 Ozocubu's Armour         Ice            7%         N/A       36%         3
 Swiftness                Air            7%         N/A       36%         3
 Fulminant Prism          Conj/Alch      3%         3d5       77%         4
 Manifold Assault         Tloc           7%         N/A       77%         4
 Irradiate                Conj/Alch      3%         3d12      98%         5


Dungeon Overview and Level Annotations

Branches:
Dungeon (9/15)             Temple (1/1) D:7
   Lair: D:8-11         Orc: D:9-12

Altars:
Ashenzari
Cheibriados
Dithmenos
Fedhas
Hepliaklqana
Kikubaaqudgha
Makhleb
Nemelex Xobeh
Okawaru
Qazlal
Sif Muna
Trog
Uskayaw
Vehumet
Wu Jian
Xom
Yredelemnul

Shops:
D:5 *[   D:7 !   D:9 *([[*

Annotations:
D:9 Erolcha


Innate Abilities, Weirdness & Mutations

You have large cloven feet.
You are partially covered in icy blue scales. (AC +2)
A demonic guardian rushes to your aid.
You sometimes gain a little power by taking damage.


Message History

Aiming: Necrotise (safe; 1% risk of failure)
Press: ? - help, Shift-Dir - straight line, f/p - yak
Aim: a yak (heavily wounded, ally target, chance to affect: 83%)
The yak writhes in agony.
The yak completely misses you. The yak gores you!
Your hellwing hits the yak but does no damage.
Your hellwing hits the yak.
Casting: Necrotise (safe; 1% risk of failure)
Confirm with . or Enter, or press ? or * to list all spells.
Aiming: Necrotise (safe; 1% risk of failure)
Press: ? - help, Shift-Dir - straight line, f/p - yak
Aim: a yak (heavily wounded, ally target, chance to affect: 83%)
The yak writhes in agony.
The yak misses you. x2
Your hellwing barely misses the yak.
Your hellwing hits the yak but does no damage.
The yak attacks as it pursues you! The yak completely misses you.
The yak gores your hellwing but does no damage.
Your hellwing hits the yak. x2
Casting: Necrotise (safe; 1% risk of failure)
Confirm with . or Enter, or press ? or * to list all spells.
Aiming: Necrotise (safe; 1% risk of failure)
Press: ? - help, Shift-Dir - straight line, f/p - yak
Aim: a yak (severely wounded, not watching you, ally target, chance to affect: 83%)
The yak writhes in agony.
The yak gores you!
* * * LOW HITPOINT WARNING * * *
Your hellwing hits the yak! Your hellwing hits the yak.
The yak dies!
Kikubaaqudgha accepts your kill.
Casting: Necrotise (safe; 1% risk of failure)
Confirm with . or Enter, or press ? or * to list all spells.
Aiming: Necrotise (safe; 1% risk of failure)
Press: ? - help, Shift-Dir - straight line, f - yak
Aim: a yak (lightly wounded, ally target, chance to affect: 83%)
The yak writhes in agony!
The yak gores you!
* * * LOW HITPOINT WARNING * * *
You feel better. The yak gores you but does no damage.
Your hellwing hits the yak. x2
The yak attacks as it pursues you! The yak completely misses you.
The yak attacks as it pursues you! The yak gores you!
You die...
Kikubaaqudgha rasps: "You have failed me!
Welcome... death!"

..##.....##..##.>.##
..........###.....#
.....####.##.....## .
#.... #...##....# .##
... #.........###...
.. ##.##.8.##...#.#
...###...#..###.....#
.........8<∩.8.....##
........##.....@....#
...........8##.Y..#.#
............###...#..#
...........##.#4..# .#
................### .
............!....#
...##!....#......# ..#
......#.....### ..
#......#.......#


You could see a yak (ally target) and a friendly hellwing (summoned).

Vanquished Creatures
  Maurice (D:7)
  A wyvern (D:8)
  2 yaks (D:9)
  A steam dragon (D:8)
  An acid dragon (D:8)
  3 water moccasins
  An orc warrior (D:6)
  3 black bears
  2 sky beasts
  3 ogres
  A centaur (D:6)
  A phantom (D:4)
  A kobold brigand (D:7)
  5 bullfrogs
  2 gnoll sergeants
  3 scorpions
  7 wights
  6 killer bees
  A bombardier beetle (D:4)
  3 orc priests
  4 hounds
  6 iguanas
  7 orc wizards
  7 adders
  17 gnolls
  A shadow imp (D:7)
  A white imp (D:7)
  2 ufetubi (D:7)
  3 dart slugs
  3 ribbon worms
  26 orcs
  4 bats
  4 endoplasms
  5 giant cockroaches
  6 goblins
  13 hobgoblins
  5 jackals (D:1)
  15 kobolds
  3 quokkas
  3 ball pythons
  A frilled lizard (D:1)
  6 rats
190 creatures vanquished.

Vanquished Creatures (collateral kills)
  Joseph (D:7)
  A troll (D:5)
  Grinder (D:4)
  A wraith (D:7)
  A yak (D:9)
  An orc warrior (D:9)
  An ogre (D:4)
  A phantom (D:4)
  4 wights
  A howler monkey (D:7)
  2 orc priests
  An orc wizard (D:6)
  3 gnolls
  A dart slug (D:4)
  3 orcs
  A ball python (D:2)
  2 goblins
  A jackal (D:1)
  A bat (D:3)
  A rat (D:3)
29 creatures vanquished.

Vanquished Creatures (others)
  An ogre zombie (D:4)
  A gnoll (D:8)
  A gnoll zombie (D:6)
3 creatures vanquished.

Grand Total: 222 creatures vanquished

Notes
Turn   | Place    | Note
-------+----------+-------------------------------------------
     0 | D:1      | PaiMei the Demonspawn Necromancer began the quest for the
                  | Orb.
     0 | D:1      | Reached XP level 1. HP: 13/13 MP: 3/3
   281 | D:1      | Gained mutation: A weak demonic guardian rushes to your
                  | aid. [demonic ancestry]
   281 | D:1      | Reached XP level 2. HP: 8/19 MP: 1/5
   822 | D:1      | Reached XP level 3. HP: 24/24 MP: 4/6
  2787 | D:2      | Reached XP level 4. HP: 30/30 MP: 1/8
  3129 | D:3      | Found a faded altar of an unknown god.
  3466 | D:3      | Reached skill level 5 in Necromancy
  4806 | D:4      | Reached XP level 5. HP: 4/35 MP: 0/9
  4858 | D:4      | Noticed a phantom
  5306 | D:4      | Noticed Grinder
  5599 | D:3      | Learned a level 3 spell: Vampiric Draining
  5604 | D:3      | Learned a level 4 spell: Animate Dead
  6011 | D:4      | Gained mutation: You are partially covered in icy blue
                  | scales. (AC +2) [demonic ancestry]
  6011 | D:4      | Reached XP level 6. HP: 37/41 MP: 1/11
  6815 | D:4      | Reached XP level 7. HP: 37/46 MP: 1/12
  6832 | D:4      | Reached skill level 6 in Necromancy
  7009 | D:4      | HP: 1/47 [Grinder (4)]
  7009 | D:4      | Killed Grinder
  7010 | D:4      | Reached skill level 1 in Fighting
  7197 | D:4      | Got the Lessons on Battle Magic and the Welkin
  7376 | D:4      | Found a shimmering altar of Xom.
  7631 | D:5      | Entered Level 5 of the Dungeon
  7711 | D:5      | Gained mutation: A demonic guardian rushes to your aid.
                  | [demonic ancestry]
  7711 | D:5      | Reached XP level 8. HP: 57/57 MP: 7/14
  8177 | D:5      | Found Zin's Purification Station.
  8633 | D:4      | Reached skill level 7 in Necromancy
  8831 | D:5      | Found Seisakei's Antique Armour Shoppe.
  9195 | D:5      | Reached skill level 5 in Dodging
  9195 | D:5      | Reached skill level 5 in Spellcasting
  9344 | D:5      | Noticed a troll
  9353 | D:5      | Killed a troll
 10331 | D:6      | Found an ornate altar of the Wu Jian Council.
 10725 | D:6      | Gained mutation: You sometimes gain a little power by
                  | taking damage. [demonic ancestry]
 10725 | D:6      | Reached XP level 9. HP: 55/65 MP: 8/17
 11011 | D:6      | Reached skill level 8 in Necromancy
 11372 | D:6      | Found a broken altar of Ashenzari.
 11383 | D:6      | Learned a level 5 spell: Curse of Agony
 12263 | D:7      | Noticed Maurice
 12298 | D:7      | Maurice stole 17 poisoned darts
 12298 | D:7      | Maurice stole a +0 tower shield
 12351 | D:7      | Reached skill level 5 in Fighting
 13370 | D:7      | Killed Maurice
 13659 | D:7      | Found Jalaanil's Distillery.
 13687 | D:7      | Noticed Joseph
 14123 | D:7      | Killed Joseph
 14124 | D:7      | Reached skill level 9 in Necromancy
 14762 | D:7      | Found a staircase to the Ecumenical Temple.
 14766 | Temple   | Entered the Ecumenical Temple
 14783 | Temple   | Became a worshipper of Kikubaaqudgha
 15086 | D:6      | Gained mutation: You have large cloven feet. [demonic
                  | ancestry]
 15086 | D:6      | Reached XP level 10. HP: 64/72 MP: 20/20
 15696 | D:7      | Found a basalt altar of Yredelemnul.
 16794 | D:8      | Found a bloodstained altar of Trog.
 18535 | D:9      | Found Zysch's Antique Weapon Boutique.
 18537 | D:9      | Found Noateod's Armour Boutique.
 18537 | D:9      | Found Novomank's Assorted Antiques.
 18539 | D:9      | Found Beykhly's Antique Armour Boutique.
 18580 | D:9      | Noticed Erolcha
 18741 | D:9      | Found Aptiratu's General Store.
 19085 | D:9      | Bought a potion of curing for 36 gold pieces
 19102 | D:9      | HP: 3/79 [yak (15)]
 19105 | D:9      | Slain by a yak

Illustrated notes

Levels and vault maps discovered:
D:1:      dpeg_arrival_radiant, layout_basic, dreamdust_wishing_well,
          feat_on_display
D:2:      layout_basic
D:3:      layout_rooms, basic_ecumenical_altar, eino_curves_04, nrook_campfire
D:4:      cheibrodos_barr_body, layout_layer_cave, brannock_xom_greatest_gift,
          kennysheep_generic_room_7, uniq_grinder
D:5:      layout_loops_ring, zin_purify, serial_shops,
          nicolae_shop_just_a_little_nook, dk_noncrumbling_3
D:6:      layout_loops_ring, nicolae_wu_jian_immortal_techniques,
          kennysheep_mini_moat
D:7:      layout_loops_ring, lemuel_coloured_pillars_altar, temple_hall_moat,
          serial_shops, shop, minivault_19, st_stairs_9, uniq_maurice,
          uniq_joseph
D:8:      layout_basic, amcnicky_altar_gilded
D:9:      layout_cave_pools, serial_shops, nicolae_shop_statue_plus,
          nicolae_benzene_ring, minmay_shop_grid_forest, fungi_pond_lemuel,
          uniq_erolcha
Temple:   nicolae_temple_bog_church

Skill      XL: |  1  2  3  4  5  6  7  8  9 10 |
---------------+-------------------------------+-----
Stealth        | 2 3 4 |  4.1
Dodging        | 2 3 4 5 6 7 |  7.6
Necromancy     | 5 6 7 9 |  9.9
Spellcasting   | 3 4 5 6 7 |  7.6
Fighting       | 2 4 6 7 |  7.0

Action                     |  1- 3 |  4- 6 |  7- 9 | 10-12 || total
---------------------------+-------+-------+-------+-------++-------
  Melee: Unarmed           |    17 |       |       |       ||    17
         Short sword       |     7 |    11 |       |       ||    18
         Flail             |       |     4 |   121 |    55 ||   180
         Kick              |       |       |       |    20 ||    20
   Cast: Necrotise         |   100 |   118 |   117 |    52 ||   387
         Vampiric Draining |       |     5 |    87 |    37 ||   129
         Animate Dead      |       |     1 |     1 |       ||     2
  Evoke: Wand              |       |       |       |     3 ||     3
    Use: Potion            |       |       |     1 |     1 ||     2
         Scroll            |       |       |     2 |       ||     2
 Armour: Robe              |    34 |    37 |    79 |       ||   150
         Troll leather arm |       |       |   137 |   105 ||   242
         Skin              |       |       |    29 |       ||    29
  Dodge: Dodged            |    37 |    39 |   241 |   130 ||   447
